 Seeded DCSS version 0.29.1-15-g9cfb28693d (webtiles) character file.

Game seed: 16245865983455551772 (custom seed)

2 Atreus the Chopper (level 1, 19/19 HPs)
             Began as a Palentonga Berserker on Mar 6, 2023.
             Was a Follower of Trog.
             Quit the game on level 1 of the Dungeon.
             The game lasted 00:00:35 (61 turns).

Atreus the Chopper (Palentonga Berserker)             Turns: 61, Time: 00:00:36

Health: 19/19      AC:  4    Str: 22    XL:     1   Next: 33%
Magic:  1/1        EV:  9    Int:  7    God:    Trog [*.....]
Gold:   1002       SH:  0    Dex:  9    Spells: 0/0 levels left

rFire   . . .      SeeInvis +   a - +0 hand axe
rCold   . . .      Faith    .   (no shield)
rNeg    . . .      Spirit   .   b - +0 animal skin
rPois   .          Reflect  .   (no helmet)
rElec   .          Harm     .   (no cloak)
rCorr   .          Rampage  .   (no gloves)
Will    .....                   (no barding)
Stlth   +.........              (no amulet)
HPRegen 0.06/turn               (no ring)
MPRegen 0.07/turn               (no ring)

@: on berserk cooldown, slowed, very slow
A: large, rugged brown scales 3, see invisible, deformed body, roll 1, armoured
tail
a: Rolling Charge, Renounce Religion, Berserk


You were on level 1 of the Dungeon.
You worshipped Trog.
Trog was aware of your devotion.
You visited 1 branch of the dungeon, and saw 1 of its levels.

You collected 1002 gold pieces.

Inventory:

Hand Weapons
 a - a +0 hand axe (weapon)
 d - the +8 mithril axe "Arga" {speed, Will+}
   (You acquired it on level 1 of the Dungeon)

   Attacks with this weapon are significantly faster.
   Will:      It increases your willpower.
Armour
 b - a +0 animal skin (worn)


   Skills:
 + Level 3.0 Fighting
 + Level 3.0 Axes
 + Level 1.5 Armour
 + Level 1.6 Dodging


You couldn't memorise any spells.
You didn't know any spells.
Your spell library was empty.

Dungeon Overview and Level Annotations

Branches:
Dungeon (1/15)

Altars:


Innate Abilities, Weirdness & Mutations

You are completely covered in rugged brown scales. (AC +3, +7% HP)
You have supernaturally acute eyesight. (SInv)
Armour fits poorly on your strangely shaped body.
You can roll at nearby foes to attack.
You have a long armoured tail.


Message History

Trog says: Kill them all!
Press ? for a list of commands and other information.
Found a sling.
Found a staircase leading out of the dungeon.
There is a staircase leading out of the dungeon here.
Found two escape hatches in the floor.
Found a dagger.
You see here a +0 dagger.
A goblin comes into view. It is wielding a +0 dagger.
An endoplasm comes into view.
The goblin hits you with a +0 dagger.
A red film seems to cover your vision as you go berserk!
You feel yourself moving faster!
You feel mighty! The goblin barely misses you.
You completely miss the goblin. You hit the endoplasm. You slash the goblin!
You feel the power of Trog in you as your rage grows.
You kill the goblin!
Trog accepts your kill.
You hit the endoplasm. The endoplasm barely misses you.
Things that are here:
a +0 dagger; a goblin corpse You slash the endoplasm!
You kill the endoplasm!
Trog accepts your kill.
You feel a strong urge to attack something.
Found 3 scrolls labelled WAC GOIFOFITOUPLEC.
You feel your anger nearly subside.
You are no longer berserk.
You are exhausted.
You feel yourself slow down.
c - 3 scrolls labelled WAC GOIFOFITOUPLEC
There are no items here.
This is a scroll of acquirement!
Something appears at your feet!
You now have 1002 gold pieces.
Something appears at your feet!
d - the +8 mithril axe "Arga" {speed, Will+} Something appears at your feet!
You aren't carrying any scrolls.
Unknown command.
Are you sure you want to abandon this character and quit the game? (Confirm with "yes".)

# .# #.#
######..####
#.@.........
.......#..#.....
#.##...#..# ...
#...###.## #
#... #..# ...#
#..# ##.## ....
#..#.. #..#
....#
#.##...##.##
....# #....
#..#.....#


There were no monsters in sight!

Vanquished Creatures
  An endoplasm (D:1)
  A goblin (D:1)
2 creatures vanquished.

Notes
Turn   | Place    | Note
-------+----------+-------------------------------------------
     0 | D:1      | Atreus the Palentonga Berserker began the quest for the
                  | Orb.
     0 | D:1      | Reached XP level 1. HP: 19/19 MP: 1/1
    56 | D:1      | Identified 3 scrolls of acquirement
    56 | D:1      | Acquired 1002 gold pieces
    58 | D:1      | Acquired the +8 mithril axe "Arga" {speed, Will+}
    58 | D:1      | Found the +8 mithril axe "Arga" {speed, Will+}
    60 | D:1      | Acquired 459 gold pieces
    61 | D:1      | Quit the game

Illustrated notes

Levels and vault maps discovered:
D:1:      minmay_arrival_hallway, layout_loops_corners, basic_ecumenical_altar,
          minmay_unequal

Action                   || total
-------------------------++-------
Melee: Hand axe          ||     3
Invok: Berserk           ||     1
  Use: Scroll            ||     3
Dodge: Dodged            ||     2
